Unix NetHack Version 5.0.0-0 post-release - last build May  4 2026 22:22:43 (774f63e81ad911689b3a0859ea89b322d5daca8d,branch:main).

Game began 2026-05-06 15:45:22, ended 2026-05-06 18:40:18.

Drastanta, lawful female human Samurai

 -------
 |.....|                                   -----     ###########
 |...%.|                                   |..^|     #-------- #  -----
 |.....|                    --------       |...|     #|......| #  |...|
 |.....|                    ...`...+       |...----  #|......-####....|
 --|----                    |.<....|       |......|  #|......|    |...-#
   #                        |..(...|       |.%.....###|......|    -----#
   #                        --------       |......| ##.......|         #
   ##                                      --.....| # --.-----         #
    )                                        #|..^| #   ##             #
    #                                        #|....##    #             #
    #                                        #-----      #             %
    #                                        ########    #             #
    .                                               #    ##
    \|                           |              ----|-----.-
    .|                           |...           |>.........|
   ..|                           |........  d@  |.*........|
   ..|                           --------    ###...........|
  ----                                          ------------

Drastanta the Kunoichi  St:14 Dx:18 Co:17 In:12 Wi:9 Ch:6  Lawful
Dlvl:8  $:99 HP:0(68) Pw:31(31) AC:0  Xp:7 T:4250 

Latest messages:
 The monkey stole 2 unlabeled scrolls.
 The monkey tries to run away with your unlabeled scrolls.
 You hit the monkey!
 You hear a crunching sound.
 You find a hidden door.
 This door is locked.
 This door is locked.
 This door is locked.
 This door is locked.
 In what direction? 4
 As you kick the door, it crashes open!
 The rock mole just misses!
 You miss the rock mole.
 You hit the rock mole.
 You miss the rock mole.
 You miss the rock mole.
 You miss the rock mole.
 The rock mole bites!
 You hit the rock mole.
 The rock mole turns to flee.
 You kill the rock mole!
 You see here a rock mole corpse.
 You kill the monkey!
 You see here 2 unlabeled scrolls.
 G - 2 unlabeled scrolls.
 What do you want to remove? [*] <esc>
 Never mind.
 What do you want to read? [ko-qswFG or ?*] ?
 As you read the scroll, it disappears.
 This is an identify scroll.
 n - an uncursed ring of fire resistance.
 What do you want to read? [ko-qswG or ?*] ?
 As you read the scroll, it disappears.
 Your elven mithril-coat glows silver for a while.
 The large dog bites!
 The large dog bites!
 The large dog bites!
 You hit the large dog.
 The large dog bites!
 You hit the large dog.
 The large dog bites!
 You hit the large dog.
 The large dog bites!
 The large dog bites!
 You die...
 Do you want your possessions identified? [ynq] (y) y
 Do you want to see your attributes? [ynq] (y) y
 Do you want an account of creatures vanquished? [ynaq] (y) y
 Do you want to see your conduct and achievements? [ynq] (y) y
 Do you want to see the dungeon overview? [ynq] (y) y

Inventory:
 Coins    ('$')
  $ - 99 gold pieces
 Weapons  (')')
  d - 26 +0 ya (in quiver)
  c - a +0 yumi (alternate weapon; not wielded)
  a - a +0 katana (weapon in right hand)
  b - a +0 wakizashi
 Armor    ('[')
  g - an uncursed +0 orcish helm (being worn)
  f - an uncursed +0 pair of high boots (being worn)
  x - an uncursed +2 elven mithril-coat (being worn)
 Comestibles  ('%')
  C - an uncursed candy bar labeled "Om-nom"
  h - an uncursed eucalyptus leaf
  z - an uncursed fortune cookie
  i - 4 uncursed gunyoki
  E - an uncursed lizard corpse
 Scrolls  ('?')
  G - 2 uncursed scrolls of blank paper
  w - an uncursed scroll of light named Light
  p - a blessed scroll of magic mapping named sp38
  k - an uncursed scroll of magic mapping named sp38
  q - an uncursed scroll of scare monster named sp38
  o - 2 uncursed scrolls of teleportation named sp75
 Potions  ('!')
  m - an uncursed potion of confusion
  A - an uncursed potion of gain energy
  y - 3 uncursed potions of healing
 Rings    ('=')
  n - an uncursed ring of fire resistance
  t - a cursed -1 ring of protection
 Wands    ('/')
  D - a wand of cancellation named Canc/TP (0:4)
  B - a wand of cold named Cold (0:3)
  u - a wand of locking named Sp56 (0:5)
 Tools    ('(')
  l - an uncursed mirror

Drastanta the Samurai's attributes:

Background:
 You were a Kunoichi, a level 7 female human Samurai.
 You were lawful, on a mission for Amaterasu Omikami
 who was opposed by Raijin (neutral) and Susanowo (chaotic).
 You were right-handed.
 You were in the Dungeons of Doom, on level 8.
 You entered the dungeon 4250 turns ago.
 You had 779 experience points, 501 more were needed to attain level 8.

Basics:
 You had 0 out of 68 hit points.
 You had all 31 energy points (spell power).
 Your armor class was 0.
 Your wallet contained 99 zorkmids.
 Autopickup was off.

Final Characteristics:
 Your strength was 14 (limit:18/100).
 Your dexterity was 18 (limit:18).
 Your constitution was 17 (peak:18, limit:18).
 Your intelligence was 12 (limit:18).
 Your wisdom was 9 (limit:18).
 Your charisma was 6 (limit:18).

Final Status:
 You weren't hungry.
 You were unencumbered.
 You were wielding a long sword.
 You were skilled in long sword.

Final Attributes:
 You were piously aligned.
 You could teleport.
 You were guarded.
 You were fast.
 You are dead.

Miscellaneous:
 You encountered 1 bones level.
 Total elapsed playing time was 2 hours, 19 minutes and 17 seconds.

Major events:
 Turn
    1: Drastanta the lawful female human Samurai entered the dungeon
  539: entered the Gnomish Mines
  608: attained the rank of Ronin (level 3)
 3130: attained the rank of Kunoichi (level 6)
 4250: killed by a large dog

You didn't know any spells.

Skills:
 Fighting Skills
   martial arts      [Basic]
   two weapon combat [Unskilled]
   riding            [Unskilled]
 Weapon Skills
   dagger            [Unskilled]
   knife             [Unskilled]
   short sword       [Basic]
   broadsword        [Unskilled]
   long sword        [Skilled]
   two-handed sword  [Unskilled]
   saber             [Unskilled]
   flail             [Unskilled]
   quarterstaff      [Unskilled]
   polearms          [Unskilled]
   spear             [Unskilled]
   lance             [Unskilled]
   bow               [Basic]
   shuriken          [Unskilled]
 Spellcasting Skills
   attack spells     [Unskilled]
   divination spells [Unskilled]
   clerical spells   [Unskilled]

Voluntary challenges:
 Character rerolling was not enabled.
 You never genocided any monsters.
 You never polymorphed an object.
 You used no wishes.
Achievements:
 You entered a shop.
 You entered the Gnomish Mines.
 You attained the rank of Ronin.
 You attained the rank of Kunoichi.

 The Dungeons of Doom: levels 1 to 8
    Level 1:
    Level 2:
       A scroll shop, a fountain.
       Stairs down to The Gnomish Mines.
    Level 3:
       A fountain.
    Level 4:
       A sink.
    Level 5:
       Some fountains, a sink, some graves.
       Final resting place for
          NIK2408899-Val-Hum-Fem-Law, killed by a werejackal.
    Level 6:
       A fountain.
    Level 7:
       A general store, many fountains.
    Level 8: <- You were here.
       A throne.
       Final resting place for
          you, killed by a large dog.
 The Gnomish Mines:
    Level 3:


Vanquished creatures:
  a ghost
  3 small mimics
  3 leprechauns
  2 lizards
  a housecat
  a jaguar
  a dust vortex
  a bugbear
  a Mordor orc
 an orc shaman
  3 rock moles
  a shrieker
  a gnome leader
  a gray ooze
  a ghoul
  a paper golem
  6 giant ants
  a floating eye
  a dwarf
  a homunculus
  a monkey
  a wererat
  a werejackal
 an iguana
  a killer bee
 an acid blob
  2 hobbits
 11 manes
  a large kobold
  a hobgoblin
  3 giant rats
  a cave spider
  a yellow mold
  a green mold
  a red mold
  2 gnome zombies
  3 geckos
  5 jackals
  2 foxes
  3 kobolds
  a goblin
  4 grid bugs
  2 bats
  2 lichens
  a newt
85 creatures vanquished.

No species were genocided or became extinct.

Game over:
                       ----------
                      /          \
                     /    REST    \
                    /      IN      \
                   /     PEACE      \
                  /                  \
                  |    Drastanta     |
                  |      99 Au       |
                  |   killed by a    |
                  |    large dog     |
                  |                  |
                  |                  |
                  |       2026       |
                 *|     *  *  *      | *
        _________)/\\_//(\/(/\)/\//\/|_)_______

Sayonara Drastanta the Samurai...

You died in The Dungeons of Doom on dungeon level 8 with 3576 points,
and 99 pieces of gold, after 4250 moves.
You were level 7 with a maximum of 68 hit points when you died.

